 Dungeon Crawl Stone Soup version 0.31-a0-102-g33a4ccc0cb (webtiles) character file.

Game seed: 8934243706975587283

17 Esekla the Sneak (level 2, -1/21 HPs)
             Began as an Octopode Delver on May 26, 2023.
             Was an Initiate of Gozag.
             Killed from afar by an orc wizard (6 damage)
             ... with a magic dart
             ... on level 4 of the Dungeon.
             The game lasted 00:01:59 (343 turns).

Esekla the Sneak (Octopode Delver)                   Turns: 343, Time: 00:01:59

Health: -1/21      AC:  1    Str: 11    XL:     2   Next: 62%
Magic:  2/2        EV: 13    Int: 12    God:    Gozag
Gold:   28         SH:  0    Dex: 13    Spells: 1/1 levels left

rFire   . . .        a - +0 falchion
rCold   . . .        (no shield)
rNeg    . . .        (helmet restricted)
rPois   .            (no amulet)
rElec   .            (no ring)
rCorr   .            (no ring)
SInv    .            (no ring)
Will    .....        (no ring)
Stlth   ++++         (no ring)
HPRegen 0.23/turn    (no ring)
MPRegen 0.08/turn    (no ring)
                     (no ring)

%: no passive effects
@: no status effects
A: almost no armour, amphibious, 8 rings, camouflage 1, gelatinous body 1,
(nimble swimmer 1), tentacles
a: Renounce Religion, Potion Petition, Call Merchant, Bribe Branch


You were on level 4 of the Dungeon.
You worshipped Gozag.
Gozag was noncommittal.
You visited 2 branches of the dungeon, and saw 3 of its levels.

You collected 28 gold pieces.

Inventory:

Hand Weapons
 a - a +0 falchion (weapon)
Wands
 f - a wand of digging (3)
Scrolls
 b - a scroll of fog
 d - a scroll of fear
 e - 2 scrolls of immolation {unknown}
Potions
 c - a potion of cancellation {unknown}


   Skills:
 * Level 3.1 Fighting
 * Level 2.1 Long Blades
 * Level 2.1 Dodging
 + Level 6.9 Stealth
 * Level 0.4 Spellcasting


You had one spell level left.
You didn't know any spells.
Your spell library was empty.

Dungeon Overview and Level Annotations

Branches:
Dungeon (5/15)             Temple (1/1) D:5

Altars:
Ashenzari
Cheibriados
Fedhas
Gozag
Kikubaaqudgha
Nemelex Xobeh
Okawaru
Ru
Uskayaw
Wu Jian
Xom
Yredelemnul
Zin
The Shining One


Innate Abilities, Weirdness & Mutations

You cannot wear most types of armour.
You are amphibious.
You can wear up to eight rings at the same time.
Your skin changes colour to match your surroundings (Stealth+).
Your rubbery body absorbs attacks. (AC +1, EV +1)
((You are camouflaged when in or above water. (Stealth+)))
You have tentacles for arms and can constrict up to eight enemies at once.


Message History

You hit the orc.
The orc is no longer distracted by gold.
You grab the orc. You squeeze the orc.
You kill the orc!
You hear a shout!
You now have 28 gold pieces (gained 3).
e - 2 scrolls labelled OSY ZEONTUP You see here a +0 hand axe.
An orc wizard comes into view. It is wielding a +0 dagger.
You see here a +0 dagger.
You start waiting.
An orc wizard is nearby!
An orc comes into view. It is wielding a +0 club.
You closely miss the orc wizard. Your grab misses the orc wizard.
The orc wizard hits you with a +0 dagger.
The orc is distracted by your dazzling golden aura.
You closely miss the orc wizard. Your grab misses the orc wizard.
The orc is no longer distracted by gold.
The orc wizard casts a spell at you. The magic dart hits you!
You closely miss the orc wizard. Your grab misses the orc wizard.
The orc wizard hits you but does no damage.
You hit the orc wizard. You grab the orc wizard.
The orc wizard is lightly wounded.
You constrict the orc wizard, but do no damage.
The orc wizard gestures at you while chanting.
The magic dart hits you!
* * * LOW HITPOINT WARNING * * *
You hit the orc wizard.
The orc wizard is moderately wounded.
You constrict the orc wizard.
The orc wizard gestures at you while chanting.
The puff of flame misses you.
You hit the orc wizard but do no damage.
The orc wizard is moderately wounded.
You constrict the orc wizard. The orc wizard casts a spell at you.
The magic dart hits you.
You die...
Your body crumbles into a pile of gold.

#####..............
#....<........#
#.####.#####..#######
#.# #.# #.........
#.# #.# #..####.##
#.# #<# #.#####.####
#.# #.# #..))o<.....
#.#
#.#####.#####.####
#.# #....@oo# #.#
#######.# #.# #..
#.## ..# ###


You could see an orc wizard and an orc.

Vanquished Creatures
  An adder (D:5)
  2 orcs (D:4)
  A ball python (D:4)
  A giant cockroach (D:4)
  A quokka (D:5)
6 creatures vanquished.

Notes
Turn   | Place    | Note
-------+----------+-------------------------------------------
     0 | D:5      | Esekla the Octopode Delver began the quest for the Orb.
     0 | D:5      | Reached XP level 1. HP: 16/16 MP: 1/1
    27 | D:5      | Noticed a phantom
    37 | D:5      | Reached XP level 2. HP: 21/21 MP: 2/2
    45 | D:5      | Found a staircase to the Ecumenical Temple.
    55 | Temple   | Entered the Ecumenical Temple
   122 | Temple   | Became a worshipper of Gozag Ym Sagoz the Greedy
   343 | D:4      | Killed from afar by an orc wizard

Illustrated notes

Levels and vault maps discovered:
D:4:      layout_loops_ring, kennysheep_mini, general_overflow_altar
D:5:      layout_layer_cave, minmay_temple_entry_grid
Temple:   nicolae_temple_elliptical

Action                     || total
---------------------------++-------
  Melee: Falchion          ||    17
         Constrict         ||     6
         Tentacles         ||     4
    Use: Scroll            ||     1
         Potion            ||     1
   Stab: Sleeping          ||     1
 Armour: Skin              ||     1
  Dodge: Dodged            ||     7

Table legend: (Time is in decaauts)
 A = Elapsed time spent in this place.
 B = Non-inter-level travel time spent in this place.
 C = Inter-level travel time spent in this place.
 D = Time resting spent in this place.
 E = Time spent auto-exploring this place.
 F = Levels seen in this place.
 G = Mean time per level.
                   A        B        C        D        E       F      G
               +--------+--------+--------+--------+--------+-----+--------+
         Total |    327 |    285 |     42 |     21 |     52 |   3 |  109.0 |
       Dungeon |    217 |    217 |      0 |     21 |      0 |   2 |  108.5 |
        Temple |    109 |     67 |     42 |      0 |     52 |   1 |  109.0 |
               +--------+--------+--------+--------+--------+-----+--------+

Top non-repeatable levels by time:
     D:4: 148 daAuts
  Temple: 109 daAuts
     D:5: 68 daAuts
